 Dungeon Crawl Stone Soup version 0.29.0 (webtiles) character file.

Game seed: 4992425017660990209

81865 catcat the Severer (level 15, 0/217 HPs)
             Began as a Minotaur Berserker on Aug 28, 2022.
             Was a High Priest of Trog.
             Splashed by a goliath frog's acid (8 damage)
             ... on level 1 of the Swamp.
             The game lasted 00:49:39 (27007 turns).

catcat the Severer (Minotaur Berserker)            Turns: 27007, Time: 00:49:39

Health: 0/217      AC: 16    Str: 33    XL:     15   Next: 27%
Magic:  14/14      EV:  9    Int:  4    God:    Trog [*****.]
Gold:   604        SH: 18    Dex: 10    Spells: 14/14 levels left

rFire   + . .      SeeInvis +   Y - +4 broad axe of Nytoet {vorpal, rF- rN+ Str+4 Stlth+}
rCold   . . .      Faith    .   O - +0 tower shield
rNeg    + . .      Spirit   .   V - +3 plate armour {rF+}
rPois   +          Reflect  .   b - +2 hat
rElec   .          Harm     .   E - +0 cloak
rCorr   .          Rampage  .   (no gloves)
Will    ++...                   B - +2 pair of boots {Fly}
Stlth   ..........              R - amulet of the acrobat
HPRegen 0.46/turn               v - ring of poison resistance
MPRegen 0.14/turn               D - ring "Peilloli" {rF+ Will+ SInv}

@: berserking (expiring), corroded, flying, very quick
A: horns 2, retaliatory headbutt
a: Renounce Religion, Berserk, Trog's Hand, Brothers in Arms


You were on level 1 of the Swamp.
You worshipped Trog.
Trog was extremely pleased with you.
You visited 5 branches of the dungeon, and saw 21 of its levels.

You collected 2152 gold pieces.
You spent 1548 gold pieces at shops.

Inventory:

Hand Weapons
 a - a +3 broad axe
 j - the +8 broad axe "Hesm" {flame, Will- Str+7}
   (Trog gifted it to you on level 5 of the Lair of Beasts)

   It burns those it strikes, dealing additional fire damage.
   Big, fiery blades are also staple armaments of hydra-hunters.
   Str:       It affects your strength (+7).
   Will:      It decreases your willpower.
 t - the +5 morningstar "Gaxidou" {elec, rC+ Str+4}
   (You found it on level 5 of the Lair of Beasts)

   It occasionally discharges a powerful burst of electricity upon striking a
   foe.
   Str:       It affects your strength (+4).
   rC:        It protects you from cold.
 Y - the +4 broad axe of Nytoet (weapon) {vorpal, rF- rN+ Str+4 Stlth+}
   (Trog gifted it to you on level 11 of the Dungeon)

   It inflicts extra damage upon your enemies.
   Str:       It affects your strength (+4).
   rF:        It makes you vulnerable to fire.
   rN:        It protects you from negative energy.
   Stlth:     It makes you more stealthy.
Missiles
 U - 16 boomerangs (quivered)
 X - 5 throwing nets
Armour
 b - a +2 hat (worn)
 B - a +2 pair of boots of flying (worn)
 E - a +0 cloak (worn)
 M - a +2 plate armour of willpower
 O - a +0 tower shield (worn)
 V - a +3 plate armour of fire resistance (worn)
Jewellery
 c - a ring of fire
 v - a ring of poison resistance (left hand)
 D - the ring "Peilloli" (right hand) {rF+ Will+ SInv}
   (You bought it in a shop on level 4 of the Dungeon)

   [ring of willpower]

   rF:        It protects you from fire.
   SInv:      It lets you see invisible.
   Will:      It increases your willpower.
 L - a +6 ring of strength
 R - an amulet of the acrobat (around neck)
Wands
 u - a wand of mindburst (8)
 H - a wand of flame (34)
 K - a wand of acid (10)
 Q - a wand of digging (5)
 Z - a wand of charming (5)
Scrolls
 h - 2 scrolls of fear {unknown}
 i - 6 scrolls of fog {unknown}
 m - 4 scrolls of enchant weapon {unknown}
 p - 5 scrolls of amnesia {unknown}
 r - 7 scrolls of identify {unknown}
 w - a scroll of immolation {unknown}
 y - 2 scrolls of enchant armour {unknown}
 C - 5 scrolls of vulnerability {unknown}
 F - a scroll of acquirement {unknown}
 G - a scroll of brand weapon {unknown}
 I - a scroll of torment {unknown}
 N - 6 scrolls of poison {unknown}
 P - 2 scrolls of blinking {unknown}
 S - 3 scrolls of summoning {unknown}
 T - 9 scrolls of teleportation {unknown}
Potions
 d - 3 potions of resistance {unknown}
 e - 10 potions of curing {unknown}
 f - 2 potions of ambrosia {unknown}
 g - 4 potions of haste {unknown}
 k - 6 potions of might {unknown}
 l - 2 potions of brilliance {unknown}
 n - 8 potions of lignification {unknown}
 q - 4 potions of degeneration {unknown}
 s - 3 potions of flight {unknown}
 x - 2 potions of cancellation {unknown}
 z - 3 potions of mutation {unknown}
 A - 4 potions of heal wounds
 J - 2 potions of magic {unknown}
 W - a potion of invisibility {unknown}
Miscellaneous
 o - a box of beasts


   Skills:
 * Level 16.4 Fighting
 - Level 18.0 Axes
 - Level 4.0 Throwing
 + Level 10.5 Armour
 - Level 9.0 Dodging
 - Level 0.3 Stealth
 - Level 16.0 Shields
 - Level 5.0 Evocations


You had 14 spell levels left.
You didn't know any spells.
Your spell library was empty.

Dungeon Overview and Level Annotations

Branches:
Dungeon (12/15)            Temple (1/1) D:7            Lair (5/5) D:10
  Swamp (1/4) Lair:3       Spider (0/4) Lair:2        Slime (0/5) Lair:5
    Orc (2/2) D:12            Elf (0/3) Orc:2

Altars:
Fedhas
Okawaru
Vehumet
Wu Jian
Xom
Jiyva

Shops:
D:1 :   D:2 [   D:4 =*(   Orc:2 [(*=

Annotations:
D:8 3 runed translucent doors, comradetweed's ghost, novice MfGl


Innate Abilities, Weirdness & Mutations

You have a pair of horns on your head.
You reflexively headbutt those who attack you in melee.


Message History

You kill the bunyip!
Trog accepts your kill.
The goliath frog hits you but does no damage.
You slice the tyrant leech!! Your headbutt misses the tyrant leech.
The tyrant leech is heavily wounded.
You block the goliath frog's attack.
You completely miss the tyrant leech. Your headbutt misses the tyrant leech.
The tyrant leech is heavily wounded.
The tyrant leech bites you.
* * * LOW HITPOINT WARNING * * *
You closely miss the tyrant leech. Your headbutt misses the tyrant leech.
The tyrant leech is heavily wounded.
The goliath frog hits you but does no damage.
You miss the tyrant leech.
The tyrant leech is heavily wounded.
The tyrant leech bites you!!
* * * LOW HITPOINT WARNING * * *
The tyrant leech draws strength from your injuries!
You block the goliath frog's attack.
You slash the tyrant leech! You headbutt the tyrant leech!!
You kill the tyrant leech!
Trog accepts your kill. The goliath frog barely misses you.
You slice the goliath frog!!
The goliath frog is almost dead.
The goliath frog hits you.
* * * LOW HITPOINT WARNING * * *
You are splashed with acid.
* * * LOW HITPOINT WARNING * * *
You closely miss the goliath frog. Your headbutt misses the goliath frog.
The goliath frog is almost dead.
The goliath frog hits you but does no damage.
You barely miss the goliath frog.
The goliath frog is almost dead.
You barely miss the goliath frog.
The goliath frog is almost dead.
The goliath frog hits you!
* * * LOW HITPOINT WARNING * * *
You are splashed with acid!
You die...

♣♣..♣♣♣♣♣♣♣.♣♣.~.~§..~......♣
♣..♣♣ ♣♣♣♣..~~~~~..~~..♣♣ ~~♣♣
♣♣...~~§~..~...♣♣ ~~♣
♣..........~...♣ (♣♣
♣~§~.~~.~..§...♣ ≈≈≈≈≈≈≈~
♣...~~..~....~♣♣ ≈..§....
♣.....~.~.....♣ ...$.~~.
..♣♣♣♣..~.....~..~~.♣
..../..~~~~.!.††@~.~~~~...♣~♣♣
..~....~.~~....F......~......♣
.!...~...~...~~.~?.~.....~..♣♣
..~~~...~~..~.~.~...~..~...~♣
....~.(~~~~...~~.
..~~.~~~..~§.....
~....~.......§.~
...~.~.....~..~


You could see a goliath frog.

Vanquished Creatures
  Gastronok (Lair:3)
  2 orc warlords (Orc:2)
  A dire elephant (Lair:5)
  2 bunyips (Swamp:1)
  Harold (Lair:2)
  10 hydras
  A boulder beetle (D:11)
  3 catoblepae
  A ghost crab (Swamp:1)
  2 alligators (Swamp:1)
  A centaur warrior (D:9)
  5 two-headed ogres
  11 death yaks
  A deep troll shaman (Lair:5)
  An orc high priest (Orc:2)
  Nergalle (Orc:1)
  Amaemon (D:8)
  A fire crab (Lair:5)
  A goliath frog (Swamp:1)
  5 skeletal warriors (D:12)
  Lodul (D:12)
  4 orc knights
  A manticore (D:12)
  A wolf spider (Lair:5)
  6 orc sorcerers
  A cyclops (D:11)
  2 oklob plants
  19 elephants
  A torpor snail (Lair:5)
  12 cane toads
  5 black mambas
  5 orange demons
  An unseen horror (D:12)
  9 komodo dragons
  A rime drake (Lair:3)
  An unseen horror zombie (D:7)
  3 kobold demonologists
  2 polar bears (Lair:3)
  3 red devils (D:11)
  A tyrant leech (Swamp:1)
  17 blink frogs
  3 trolls
  A hornet (D:9)
  4 dream sheep (Lair:5)
  2 wraiths
  Sigmund (D:5)
  2 wyverns
  A spriggan (Lair:5)
  34 yaks
  Grum (D:10)
  3 steam dragons
  5 vampire mosquitoes
  2 acid dragons
  2 wargs (Orc:2)
  8 water moccasins
  5 swamp worms
  A swamp drake (Swamp:1)
  28 orc warriors
  An ice beast (D:5)
  2 black bears
  A hornet zombie (D:7)
  16 ogres
  16 wolves
  2 centaurs
  5 phantoms
  7 kobold brigands
  11 bullfrogs
  A scorpion (D:5)
  A wyvern zombie (D:7)
  3 gnoll sergeants
  2 necrophages (D:6)
  7 wights (D:7)
  6 killer bees (D:8)
  2 electric eels
  2 howler monkeys
  A bullfrog zombie (D:7)
  3 centaur zombies (D:7)
  2 hounds
  A jelly (D:6)
  2 gnoll boudas
  5 iguanas
  Terence (D:3)
  15 orc priests
  Jessica (D:2)
  27 orc wizards
  15 hell rats
  3 killer bee zombies (D:7)
  6 ogre zombies (D:12)
  4 howler monkey zombies (D:7)
  6 adders
  26 gnolls
  A shadow imp (D:7)
  2 white imps (D:6)
  2 worms
  72 orcs
  5 endoplasms
  A giant cockroach (D:4)
  5 hobgoblins
  11 jackals (D:1)
  4 quokkas
  12 ball pythons
  2 bats (D:3)
  2 frilled lizards
  4 goblins
  2 goblin skeletons (D:12)
  A goblin zombie (D:12)
  3 hobgoblin zombies (D:12)
  31 kobolds
  An orc skeleton (D:12)
  12 orc zombies (D:12)
  3 rats
  A butterfly (Lair:1)
631 creatures vanquished.

Vanquished Creatures (collateral kills)
  A two-headed ogre (D:12)
  An orc knight (Orc:2)
  An ogre (Orc:2)
  An orc warrior (Orc:2)
4 creatures vanquished.

Vanquished Creatures (others)
  32 fungi
  67 plants
  3 withered plants (D:7)
102 creatures vanquished.

Grand Total: 737 creatures vanquished

Notes
Turn   | Place    | Note
-------+----------+-------------------------------------------
     0 | D:1      | catcat the Minotaur Berserker began the quest for the Orb.
     0 | D:1      | Reached XP level 1. HP: 19/19 MP: 0/0
   450 | D:1      | Reached skill level 4 in Axes
   613 | D:1      | Reached XP level 2. HP: 27/27 MP: 1/1
   714 | D:1      | Found Soikk's Book Boutique.
   933 | D:1      | Found a faded altar of an unknown god.
  1156 | D:1      | Reached XP level 3. HP: 30/33 MP: 2/2
  1508 | D:2      | Noticed Jessica
  1514 | D:2      | Killed Jessica
  1515 | D:2      | Reached skill level 5 in Axes
  1599 | D:2      | Reached XP level 4. HP: 41/41 MP: 3/3
  1781 | D:2      | Found Ukloc's Armour Emporium.
  1929 | D:2      | Reached ** piety under Trog
  2635 | D:3      | Identified the +6 short sword "Ifobion" {venom, Str+7}
  2635 | D:3      | Noticed Terence
  3062 | D:3      | Reached XP level 5. HP: 47/47 MP: 4/4
  3104 | D:3      | Reached skill level 5 in Fighting
  3104 | D:3      | Reached skill level 6 in Axes
  3105 | D:3      | Killed Terence
  3433 | D:4      | Found Zatoth's Jewellery Shoppe.
  3527 | D:4      | Reached XP level 6. HP: 49/56 MP: 5/5
  3575 | D:4      | Found a blossoming altar of Fedhas.
  3579 | D:4      | Reached skill level 7 in Axes
  3605 | D:4      | Found Virowudgh's General Store.
  4094 | D:4      | Found Naoh's Antique Weapon Shoppe.
  4477 | D:5      | Entered Level 5 of the Dungeon
  4734 | D:5      | Found an iron altar of Okawaru.
  4735 | D:5      | Found a shimmering altar of Xom.
  4740 | D:5      | Reached skill level 8 in Axes
  4740 | D:5      | Reached XP level 7. HP: 61/61 MP: 6/6
  4827 | D:5      | Found an ornate altar of the Wu Jian Council.
  4856 | D:5      | Reached *** piety under Trog
  4887 | D:5      | Noticed Sigmund
  4898 | D:5      | Killed Sigmund
  4899 | D:5      | Reached skill level 9 in Axes
  5694 | D:6      | Reached skill level 10 in Axes
  5791 | D:6      | Reached XP level 8. HP: 68/69 MP: 7/7
  6131 | D:6      | Reached skill level 11 in Axes
  6286 | D:6      | Found a radiant altar of Vehumet.
  6770 | D:7      | Reached skill level 5 in Armour
  6859 | D:7      | Found a staircase to the Ecumenical Temple.
  6866 | Temple   | Entered the Ecumenical Temple
  6944 | D:7      | Reached skill level 12 in Axes
  7171 | D:7      | Reached XP level 9. HP: 75/75 MP: 8/8
  7426 | D:7      | Reached **** piety under Trog
  7427 | D:7      | Reached skill level 13 in Axes
  8200 | D:7      | Reached skill level 14 in Axes
  8246 | D:8      | Found a runed translucent gate.
  8246 | D:8      | Found a runed translucent gate.
  8247 | D:8      | Noticed an 11-headed hydra
  8248 | D:8      | Found a runed translucent gate.
  8248 | D:8      | Noticed comradetweed's ghost (novice MfGl)
  8251 | D:8      | Noticed an 11-headed hydra
  8319 | D:8      | Reached skill level 1 in Evocations
  9294 | D:8      | Noticed Amaemon
  9296 | D:8      | Noticed an orange demon
  9310 | D:8      | Killed Amaemon
  9311 | D:8      | Reached XP level 10. HP: 56/86 MP: 9/9
  9315 | D:8      | Killed an orange demon
  9986 | D:9      | Noticed a two-headed ogre
  9986 | D:9      | Noticed a two-headed ogre
  9991 | D:9      | Killed a two-headed ogre
  9992 | D:9      | Reached skill level 15 in Axes
  9992 | D:9      | Killed a two-headed ogre
 10209 | D:9      | Noticed a centaur warrior
 10266 | D:9      | Killed a centaur warrior
 10267 | D:9      | Reached skill level 16 in Axes
 11394 | D:10     | Entered Level 10 of the Dungeon
 11406 | D:10     | Noticed Grum
 11420 | D:10     | Killed Grum
 11421 | D:10     | Reached XP level 11. HP: 71/97 MP: 10/10
 11610 | D:10     | Noticed an oklob plant
 11612 | D:10     | Found a staircase to the Lair.
 11677 | D:10     | Noticed a two-headed ogre
 11691 | D:10     | Killed a two-headed ogre
 11901 | D:10     | Noticed a two-headed ogre
 11907 | D:10     | Killed a two-headed ogre
 11908 | D:10     | Reached skill level 10 in Fighting
 11908 | D:10     | Reached skill level 1 in Throwing
 12908 | D:10     | Killed an oklob plant
 12909 | D:10     | Reached skill level 17 in Axes
 13182 | D:2      | Bought a +3 plate armour of fire resistance for 495 gold
                  | pieces
 13376 | Lair:1   | Entered Level 1 of the Lair of Beasts
 13388 | Lair:1   | Noticed a five-headed hydra
 13396 | Lair:1   | Killed a five-headed hydra
 14717 | Lair:2   | Reached skill level 5 in Dodging
 14801 | Lair:2   | Noticed Harold
 14807 | Lair:2   | Killed Harold
 14808 | Lair:2   | Reached skill level 18 in Axes
 14853 | Lair:2   | Found a hole to the Spider Nest.
 15423 | Lair:3   | Reached XP level 12. HP: 103/107 MP: 11/11
 15570 | Lair:3   | Noticed a four-headed hydra
 15580 | Lair:3   | Killed a four-headed hydra
 15690 | Lair:3   | Noticed a death yak
 15690 | Lair:3   | Noticed a death yak
 15719 | Lair:3   | Killed a death yak
 15845 | Lair:3   | Noticed a death yak
 15863 | Lair:3   | Killed a death yak
 16053 | Lair:3   | Noticed a death yak
 16066 | Lair:3   | Noticed a death yak
 16074 | Lair:3   | Noticed a death yak
 16075 | Lair:3   | Killed a death yak
 16078 | Lair:3   | Killed a death yak
 16081 | Lair:3   | Killed a death yak
 16088 | Lair:3   | Killed a death yak
 16540 | Lair:3   | Identified the ring of Gluttony {MP+9 SInv}
 16636 | Lair:3   | Noticed a five-headed hydra
 16643 | Lair:3   | Killed a five-headed hydra
 16653 | Lair:3   | Noticed Gastronok
 16731 | Lair:3   | Killed Gastronok
 16878 | Lair:3   | Noticed an eight-headed hydra
 16883 | Lair:3   | Noticed a six-headed hydra
 16911 | Lair:2   | Reached XP level 13. HP: 53/125 MP: 12/12
 17314 | Lair:3   | Reached skill level 15 in Fighting
 17806 | Lair:3   | Reached skill level 1 in Shields
 17997 | Lair:3   | Found a staircase to the Swamp.
 18530 | Lair:5   | Entered Level 5 of the Lair of Beasts
 18617 | Lair:4   | Reached ***** piety under Trog
 19099 | Lair:5   | Reached skill level 5 in Shields
 19388 | Lair:5   | Identified the +8 broad axe "Hesm" {flame, Will- Str+7}
                  | (Trog gifted it to you on level 5 of the Lair of Beasts)
 19388 | Lair:5   | Received a gift from Trog
 19924 | Lair:5   | Reached skill level 10 in Shields
 20357 | Lair:5   | Found a staircase to the Slime Pits.
 20357 | Lair:5   | Found a viscous altar of Jiyva.
 20521 | Lair:5   | Reached XP level 14. HP: 120/137 MP: 13/13
 21280 | Lair:5   | Identified the +5 morningstar "Gaxidou" {elec, rC+ Str+4}
 21749 | D:11     | Identified the +4 broad axe of Nytoet {vorpal, rF- rN+
                  | Str+4 Stlth+} (Trog gifted it to you on level 11 of the
                  | Dungeon)
 21749 | D:11     | Received a gift from Trog
 22597 | D:12     | Reached skill level 15 in Shields
 22611 | D:12     | Reached skill level 10 in Armour
 22947 | D:12     | Noticed Lodul
 22965 | D:12     | Killed Lodul
 23255 | D:12     | Found a staircase to the Orcish Mines.
 23567 | Orc:1    | Entered Level 1 of the Orcish Mines
 23595 | Orc:1    | Received a gift from Trog
 23600 | Orc:1    | Noticed Nergalle
 23618 | Orc:1    | Killed Nergalle
 23829 | Orc:1    | Reached skill level 5 in Evocations
 24202 | Orc:2    | Entered Level 2 of the Orcish Mines
 24202 | Orc:2    | Noticed an orc warlord
 24215 | Orc:2    | Killed an orc warlord
 24486 | Orc:2    | Received a gift from Trog
 24531 | Orc:2    | Reached XP level 15. HP: 122/144 MP: 14/14
 24676 | Orc:2    | Paralysed by an orc sorcerer for 4 turns
 25324 | Orc:2    | Noticed an orc warlord
 25434 | Orc:2    | Killed an orc warlord
 25752 | Orc:2    | Found Moedovvu's Antique Armour Emporium.
 25906 | Orc:2    | Bought a pair of embroidered boots for 172 gold pieces
 25937 | Orc:2    | Found Othrao Pobb's Antique Weapon Emporium.
 25937 | Orc:2    | Found a staircase to the Elven Halls.
 26051 | Orc:2    | Found Ypsexefo's Jewellery Emporium.
 26057 | Orc:2    | Bought a ring of poison resistance for 320 gold pieces
 26072 | Orc:2    | Found Apouhugo's General Store.
 26440 | D:4      | Bought the ring "Peilloli" {rF+ Will+ SInv} for 561 gold
                  | pieces
 26725 | Swamp:1  | Entered Level 1 of the Swamp
 27007 | Swamp:1  | HP: 8/217 [goliath frog (14)]
 27007 | Swamp:1  | Splashed by a goliath frog's acid

Illustrated notes

Levels and vault maps discovered:
D:1:      co_arrival_square_in_a_square_in_a_square, layout_basic, serial_shops,
          nicolae_shop_waterfront, hellmonk_ecumenical_altar_dog_temple
D:2:      layout_loops_cross, serial_shops, nicolae_shop_stone, uniq_jessica
D:3:      layout_basic, uniq_terence
D:4:      layout_basic, marbit_many_paths, serial_shops, nicolae_square_shop,
          kennysheep_mini_moat, nicolae_shop_waterfront
D:5:      layout_basic, mainiacjoe_overflow_24_doors,
          mainiacjoe_overflow_divided_tiny, uniq_sigmund
D:6:      nicolae_cairo_tiling_large, layout_basic, general_overflow_altar,
          minmay_fractal_squares_diagonal_5
D:7:      layout_loops_corners, minmay_temple_entry_hall, serial_undead,
          serial_undead_e, serial_undead_d, serial_undead_d, serial_undead_e,
          serial_undead_d, serial_undead_b
D:8:      layout_loops_corners, gammafunk_ghost_hydra_chop, uniq_amaemon
D:9:      layout_small_grid, grunt_ministairs_12, st_stairs_3
D:10:     layout_rooms, dpeg_oklobed_lair, chequers_serial_rivers_large_b,
          dreamdust_mushroom_princess, uniq_grum
D:11:     layout_small_grid, minmay_beelzebubs_servants
D:12:     layout_basic, zombieorc1_lemuel, uniq_lodul
Temple:   minmay_temple_bridge_d
Lair:1:   layout_cave_pods, serial_bayou_shore_a, serial_bayou_shore_b,
          lemuel_fruit_fields
Lair:2:   layout_regular_city, spider_nest_entry_web_field, uniq_harold
Lair:3:   layout_roguey, palyth_hydra_swamp_entry, uniq_gastronok
Lair:4:   layout_loops_ring, chequers_serial_rivers_micro_d, lemuel_fruit_fields
Lair:5:   grunt_lair_end_beastmaster, layout_small_grid, slime_entry_1,
          grunt_forest_large_clearing_hut, infiniplex_staircase_pool
Swamp:1:  layout_falls_marsh, nicolae_swamp_long_stream, swamp_pool4
Orc:1:    layout_caves, uniq_nergalle
Orc:2:    grunt_orc_cross, layout_caves, lemuel_statue_altar

Skill      XL: |  1  2  3  4  5  6  7  8  9 10 11 12 13 14 15 |
---------------+----------------------------------------------+-----
Axes           | 4 5 6 8 10 12 14 16 18 | 18.0
Fighting       | 4 5 6 7 9 10 14 16 | 16.4
Armour         | 3 4 5 7 9 10 | 10.5
Dodging        | 3 4 5 6 8 9 |  9.0
Evocations     | 2 4 5 |  5.0
Throwing       | 4 |  4.0
Shields        | 11 15 16 | 16.0
Stealth        | |  0.3

Action                   |  1- 3 |  4- 6 |  7- 9 | 10-12 | 13-15 || total
-------------------------+-------+-------+-------+-------+-------++-------
Melee: Hand axe          |    63 |    23 |       |       |       ||    86
       Headbutt          |     3 |    16 |    37 |    72 |   161 ||   289
       War axe           |       |    85 |       |       |       ||    85
       Broad axe         |       |    14 |   223 |   351 |   651 ||  1239
       Punch             |       |     1 |     2 |     7 |     2 ||    12
       Flail             |       |       |       |    13 |     4 ||    17
Throw: Boomerang         |       |       |       |     8 |     3 ||    11
Invok: Berserk           |     4 |     2 |     5 |    10 |    12 ||    33
       Trog's Hand       |       |       |       |     1 |     1 ||     2
       Brothers in Arms  |       |       |       |       |     2 ||     2
 Stab: Distracted        |       |       |       |     1 |     1 ||     2
       Petrified         |       |       |       |       |     5 ||     5
       Petrifying        |       |       |       |       |     1 ||     1
Armor: Animal skin       |     4 |       |       |       |       ||     4
       Leather armour    |     3 |    10 |       |       |       ||    13
       Scale mail        |       |     7 |       |       |       ||     7
       Chain mail        |       |    43 |   132 |    59 |       ||   234
       Plate armour      |       |       |       |    79 |   224 ||   303
Dodge: Dodged            |    33 |    54 |   130 |   146 |   204 ||   567
Block: Tower shield      |       |       |       |       |   353 ||   353
